 Dungeon Crawl Stone Soup version 0.31-a0-246-g8cbcc1cb85 (webtiles) character file.

Game seed: 5969675218004312594

281 gruber the Trooper (level 6, -1/49 HPs)
             Began as a Demonspawn Shapeshifter on July 13, 2023.
             Slain by a gnoll
             ... wielding a +0 spear
              (7 damage)
             ... on level 4 of the Dungeon.
             The game lasted 00:03:17 (3198 turns).

gruber the Trooper (Demonspawn Shapeshifter)        Turns: 3198, Time: 00:03:17

Health: -1/49      AC:  2    Str: 19 (20) XL:     6   Next: 6%
Magic:  6/6        EV: 14    Int:  8      God:
Gold:   150        SH:  0    Dex: 18 (19) Spells: 5/5 levels left

rFire   . . .        n - +3 hammer of the Real Monster {drain, rCorr Str+3 Int-2}
rCold   . . .        (no shield)
rNeg    . . .        a - +0 animal skin
rPois   .            (helmet currently unavailable)
rElec   .            (cloak currently unavailable)
rCorr   +            (gloves currently unavailable)
SInv    .            (boots currently unavailable)
Will    .....        (no amulet)
Stlth   ++           k - +6 ring of dexterity
HPRegen 0.28/turn    (no ring)
MPRegen 0.10/turn

%: no passive effects
@: beast-form
A: beast (slay +1), repulsion field 1, powered by death 1
a: no special abilities


You were on level 4 of the Dungeon.
You were a hulking beast.
You visited 1 branch of the dungeon, and saw 4 of its levels.

You collected 150 gold pieces.

Inventory:

Hand Weapons
 n - the +3 hammer of the Real Monster (weapon) {drain, rCorr Str+3 Int-2}
   (You found it on level 2 of the Dungeon)

   Str:       It affects your strength (+3).
   Int:       It affects your intelligence (-2).
   rCorr:     It protects you from acid and corrosion.
Missiles
 s - 4 poisoned darts (quivered)
Armour
 a - a +0 animal skin (worn)
Jewellery
 k - a +6 ring of dexterity (left hand)
 l - a ring of resist corrosion
Talismans
 c - a beast talisman
Wands
 q - a wand of mindburst (11)
 r - a wand of flame (24)
Scrolls
 d - 6 scrolls of identify {unknown}
 f - a scroll of vulnerability {unknown}
 g - a scroll of fear {unknown}
 j - 2 scrolls of revelation {unknown}
 m - a scroll of poison {unknown}
 o - a scroll of blinking {unknown}
 p - a scroll of enchant armour {unknown}
Potions
 b - 4 potions of lignification
 e - a potion of degeneration
 h - a potion of brilliance {unknown}
 i - 2 potions of curing


   Skills:
 * Level 4.7 Fighting
 - Level 1.7 Dodging
 - Level 4.2 Unarmed Combat
 - Level 2.6 Shapeshifting


You had 5 spell levels left.
You didn't know any spells.
Your spell library contained the following spells:

 Spells                   Type           Power      Damage    Failure   Level
 Apportation              Tloc           0%         N/A       41%         1
 Freeze                   Ice            0%         1d3       41%         1
 Necrotise                Necr           0%         1d4       41%         1
 Summon Small Mammal      Summ           0%         N/A       41%         1
 Frozen Ramparts          Ice            0%         1d1       78%         3
 Hailstorm                Conj/Ice       0%         3d3       78%         3


Dungeon Overview and Level Annotations

Branches:
Dungeon (4/15)
 Temple: D:4-7

Altars:


Innate Abilities, Weirdness & Mutations

You are a hulking beast.
Your limbs bulge with bestial killing power. (Slay +1)
You are surrounded by a mild repulsion field. (EV +2)
You regenerate a little health from kills.


Message History

The gnoll hits you with a +0 spear.
You sock the gnoll!
You kill the gnoll!
The gnoll hits you with a +0 flail!
You feel your strength returning.
You have reached level 6!
You hit the gnoll.
The gnoll is moderately wounded.
The gnoll closely misses you.
You hit the gnoll.
The gnoll is almost dead.
The gnoll closely misses you. The gnoll hits you with a +0 flail!
The gnoll hits you from afar with a +0 spear!
The gnoll misses you.
You barely miss the gnoll.
The gnoll is severely wounded.
The gnoll hits you from afar with a +0 spear.
The gnoll barely misses you.
You sock the gnoll!
You kill the gnoll!
The gnoll hits you from afar with a +0 spear!
The gnoll hits you from afar with a +0 spear.
* * * LOW HITPOINT WARNING * * *
You are too injured to fight recklessly!
The gnoll completely misses you.
Things that are here:
a +0 flail; a gnoll corpse You hit the gnoll.
The gnoll is heavily wounded.
The gnoll barely misses you.
You hit the gnoll.
The gnoll is severely wounded.
The gnoll hits you with a +0 spear.
* * * LOW HITPOINT WARNING * * *
You closely miss the gnoll.
The gnoll is severely wounded.
The gnoll hits you with a +0 spear.
* * * LOW HITPOINT WARNING * * *
The gnoll hits you with a +0 spear!
You die...

#...... #.
##########.##.## #.
#..(........#.# #.
#.########..#.# #. #.#
#..#.# ###. #.# #..#.#
... #.# #..#.#
#.####.## #..#.#
#).gh...# #..#.##
######..#######......
.......).........)####
.######..#######..####
#..# #..).). #..#
#[##### #..# #.# #
...# #.##### ##.#
#.....†


You could see a gnoll.

Vanquished Creatures
  A hound (D:2)
  Crazy Yiuf (D:2)
  Jessica (D:3)
  An iguana (D:4)
  Ijyb (D:3)
  2 gnolls (D:4)
  An adder (D:2)
  A white imp (D:3)
  3 worms
  4 dart slugs
  7 orcs
  5 bats
  8 endoplasms
  3 giant cockroaches
  9 goblins
  3 hobgoblins
  6 jackals
  2 quokkas
  8 ball pythons
  6 frilled lizards
  10 kobolds
  10 rats
93 creatures vanquished.

Notes
Turn   | Place    | Note
-------+----------+-------------------------------------------
     0 | D:1      | gruber the Demonspawn Shapeshifter began the quest for the
                  | Orb.
     0 | D:1      | Reached XP level 1. HP: 16/16 MP: 1/1
   168 | D:1      | Gained mutation: You regenerate a little health from kills.
                  | [demonic ancestry]
   168 | D:1      | Reached XP level 2. HP: 16/22 MP: 2/2
   665 | D:1      | Reached XP level 3. HP: 27/27 MP: 3/3
  1326 | D:2      | Gained mutation: You are surrounded by a mild repulsion
                  | field. (EV +2) [demonic ancestry]
  1326 | D:2      | Reached XP level 4. HP: 27/33 MP: 4/4
  1623 | D:2      | Identified the +4 kite shield of Sis Igh {rN+ rCorr}
  1645 | D:2      | Found a runed translucent door.
  1646 | D:2      | Noticed Crazy Yiuf
  1741 | D:2      | Killed Crazy Yiuf
  1746 | D:2      | HP: 1/34 [poisoned by Crazy Yiuf]
  1848 | D:2      | Identified the +3 hammer of the Real Monster {drain, rCorr
                  | Str+3 Int-2}
  2100 | D:3      | Reached XP level 5. HP: 18/41 MP: 5/5
  2521 | D:3      | Noticed Jessica
  2523 | D:3      | Noticed Ijyb
  2533 | D:3      | Killed Jessica
  2536 | D:3      | Killed Ijyb
  3188 | D:4      | Reached XP level 6. HP: 40/49 MP: 6/6
  3198 | D:4      | Slain by a gnoll

Illustrated notes

Levels and vault maps discovered:
D:1:      dpeg_arrival_snail, layout_basic
D:2:      layout_loops_corners, chequers_decorated_corner,
          amcnicky_mini_corridor_feature, kennysheep_generic_room_11,
          uniq_crazy_yiuf_cottage
D:3:      layout_basic, zin_scriptorium, serial_bayou_lagoon_b, uniq_jessica,
          uniq_ijyb
D:4:      layout_loops_ring, nicolae_the_louvre

Skill      XL: |  1  2  3  4  5 |
---------------+----------------+-----
Unarmed Combat | 2 3 4 |  4.2
Fighting       | 3 4 |  4.7
Dodging        | |  1.7
Shapeshifting  | |  2.6

Action                     |  1- 3 |  4- 6 || total
---------------------------+-------+-------++-------
  Melee: Unarmed           |   119 |    19 ||   138
         Punch             |     1 |     6 ||     7
         Mace              |       |    96 ||    96
    Use: Potion            |       |     2 ||     2
   Stab: Sleeping          |     2 |     2 ||     4
 Armour: Animal skin       |    19 |    11 ||    30
  Dodge: Dodged            |    53 |    93 ||   146

Table legend: (Time is in decaauts)
 A = Elapsed time spent in this place.
 B = Non-inter-level travel time spent in this place.
 C = Inter-level travel time spent in this place.
 D = Time resting spent in this place.
 E = Time spent auto-exploring this place.
 F = Levels seen in this place.
 G = Mean time per level.
                   A        B        C        D        E       F      G
               +--------+--------+--------+--------+--------+-----+--------+
         Total |   3254 |   3085 |    169 |    100 |   2409 |   4 |  813.5 |
       Dungeon |   3254 |   3085 |    169 |    100 |   2409 |   4 |  813.5 |
               +--------+--------+--------+--------+--------+-----+--------+

Top non-repeatable levels by time:
     D:2: 1154 daAuts
     D:3: 1008 daAuts
     D:1: 774 daAuts
     D:4: 317 daAuts
